 Dungeon Crawl Stone Soup version 0.28-a0-938-gbc3f381ebc (webtiles) character file.

Game seed: 3202575598567225286

2139 Decritt the Fighter (level 9, -9/82 HPs)
             Began as a Minotaur Fighter on Nov 28, 2021.
             Was an Initiate of Gozag.
             Mangled by a troll (11 damage)
             ... on level 5 of the Dungeon.
             The game lasted 00:09:44 (4436 turns).

Decritt the Fighter (Minotaur Fighter)              Turns: 4436, Time: 00:09:45

Health: -9/82      AC: 14    Str: 22    XL:     9   Next: 9%
Magic:  8/8        EV: 12    Int:  5    God:    Gozag
Gold:   239        SH:  5    Dex: 12    Spells: 8/8 levels left

rFire   . . .      SeeInvis .   z - +2 whip (flame)
rCold   . . .      Faith    .   c - +0 buckler
rNeg    . . .      Spirit   .   e - +0 plate armour
rPois   .          Reflect  .   (helmet restricted)
rElec   .          Harm     .   v - +0 cloak
rCorr   .          Rampage  .   (no gloves)
Will    .....                   (no boots)
Stlth   ..........              (no amulet)
HPRegen 0.23/turn               r - +4 ring of evasion
MPRegen 0.11/turn               (no ring)

@: gold aura
A: horns 2, retaliatory headbutt
a: Renounce Religion, Potion Petition, Call Merchant, Bribe Branch


You were on level 5 of the Dungeon.
You worshipped Gozag.
Gozag was aware of your devotion.
You visited 2 branches of the dungeon, and saw 6 of its levels.

You collected 288 gold pieces.
You paid 49 gold pieces to Gozag.

Inventory:

Hand Weapons
 a - a +0 war axe
 z - a +2 whip of flaming (weapon)
Missiles
 j - 4 javelins
 A - 3 boomerangs
Armour
 b - a +0 scale mail
 c - a +0 buckler (worn)
 e - a +0 plate armour (worn)
 v - a +0 cloak (worn)
Jewellery
 r - a +4 ring of evasion (left hand)
Wands
 y - a wand of mindburst (7)
Scrolls
 g - 2 scrolls of fog {unknown}
 h - 3 scrolls of identify {unknown}
 m - a scroll of holy word {unknown}
 s - a scroll of acquirement {unknown}
 t - a scroll of blinking {unknown}
 x - a scroll of enchant weapon {unknown}
Potions
 d - a potion of might
 f - a potion of attraction {unknown}
 i - a potion of brilliance {unknown}
 k - a potion of cancellation {unknown}
 l - 5 potions of mutation {unknown}
 n - 2 potions of curing {unknown}
 o - 3 potions of ambrosia {unknown}
 p - 2 potions of haste {unknown}
 q - 2 potions of lignification {unknown}
 u - a potion of flight {unknown}
 w - a potion of heal wounds {unknown}


   Skills:
 * Level 8.4 Fighting
 * Level 8.1 Axes
 + Level 6.5 Armour
 + Level 4.6 Dodging
 + Level 6.5 Shields


You had 8 spell levels left.
You didn't know any spells.
Your spell library contained the following spells:

 Spells                   Type           Power      Damage    Failure   Level
 Freeze                   Ice            0%         1d3       100%        1
 Frozen Ramparts          Ice            0%         1d2       100%        3
 Ozocubu's Armour         Ice            0%         N/A       100%        3
 Hailstorm                Conj/Ice       0%         3d3       100%        4
 Ozocubu's Refrigeration  Ice            0%         4d5       100%        7


Dungeon Overview and Level Annotations

Branches:
Dungeon (5/15)             Temple (1/1) D:5

Altars:
Ashenzari
Cheibriados
Dithmenos
Fedhas
Gozag
Hepliaklqana
Kikubaaqudgha
Makhleb
Nemelex Xobeh
Okawaru
Qazlal
Ru
Vehumet
Wu Jian
Xom
Yredelemnul

Shops:
D:1 =   D:2 =

Annotations:
D:4 2 transporters, anet's ghost, amateur HOCj


Innate Abilities, Weirdness & Mutations

You have a pair of horns on your head.
You reflexively headbutt those who attack you in melee.


Message History

The troll bites you.
* * * LOW HITPOINT WARNING * * *
The troll claws you but does no damage. You block the troll's attack.
You closely miss the troll.
The troll is severely wounded.
The troll bites you.
* * * LOW HITPOINT WARNING * * *
The troll claws you!
* * * LOW HITPOINT WARNING * * *
The troll claws you but does no damage.
You hit the troll. You burn the troll.
The troll is severely wounded.
The troll bites you.
* * * LOW HITPOINT WARNING * * *
The troll closely misses you. The troll claws you.
* * * LOW HITPOINT WARNING * * *
You hit the troll. You burn the troll.
The troll is almost dead.
The troll bites you!
* * * LOW HITPOINT WARNING * * *
You block the troll's attack. The troll closely misses you.
You barely miss the troll.
The troll is almost dead.
The troll barely misses you. You furiously retaliate!
You headbutt the troll, but do no damage.
The troll closely misses you. You block the troll's attack.
You hit the troll but do no damage.
The troll is almost dead.
You hit the troll. You burn the troll.
The troll is almost dead.
The troll bites you.
* * * LOW HITPOINT WARNING * * *
The troll barely misses you. The troll completely misses you.
You hit the troll. You burn the troll.
You headbutt the troll, but do no damage.
The troll is almost dead.
The troll barely misses you. The troll claws you but does no damage.
The troll claws you!
You die...
Your body crumbles into a pile of gold.

##.### ## #.#....... .....#
#..####..#.##.## ##.#.#
+.....#....##.# #.#.###.#
####......##.# #.......#
#....#...###.# ####.#####
#+####.####..## #.# .......#
#..#.#[# #.... ..# .###.#.#
#.....# ##.###### .#...#.#
##@#.## ##+# .#.###.# #T#.#
##...## .#.# #.# #.#.# ##.....##
...###.# ....###.......##
.......#######...####.........###
.................. +.........'..
.(.###########...# #.........###
#..# ##..# #.......## ##.#
##.....##


You could see a troll.

Vanquished Creatures
  Pikel (D:4)
  Eustachio (D:4)
  2 ice beasts (D:5)
  A necrophage (D:3)
  2 ogres (D:4)
  A centaur (D:5)
  4 kobold brigands (D:5)
  A bullfrog (D:5)
  The ghost of opjop the Vexing, an amateur SpEn (D:3)
  2 scorpions
  2 hounds
  A jelly (D:5)
  A bullfrog skeleton (D:5)
  A gnoll shaman (D:5)
  An orc wizard (D:5)
  A scorpion zombie (D:5)
  2 iguanas (D:5)
  A hound skeleton (D:4)
  7 gnolls
  4 adders
  2 worms
  7 dart slugs
  8 orcs
  6 endoplasms
  2 giant cockroaches
  3 goblins
  5 hobgoblins
  14 jackals
  14 kobolds
  A quokka (D:1)
  8 ball pythons
  4 bats
  3 frilled lizards
  7 rats
121 creatures vanquished.

Vanquished Creatures (others)
  6 toadstools (D:5)
6 creatures vanquished.

Grand Total: 127 creatures vanquished

Notes
Turn   | Place    | Note
-------+----------+-------------------------------------------
     0 | D:1      | Decritt the Minotaur Fighter began the quest for the Orb.
     0 | D:1      | Reached XP level 1. HP: 19/19 MP: 0/0
    15 | D:1      | Found Teloola's Jewellery Emporium.
   179 | D:1      | Reached XP level 2. HP: 25/27 MP: 1/1
   393 | D:1      | Found a faded altar of an unknown god.
   424 | D:1      | Reached XP level 3. HP: 33/33 MP: 2/2
   876 | D:2      | Found Faryrph Lyop's Jewellery Shop.
   900 | D:2      | Reached skill level 1 in Dodging
  1116 | D:2      | Reached XP level 4. HP: 41/41 MP: 3/3
  1674 | D:3      | Found a runed translucent door.
  1680 | D:3      | Noticed opjop's ghost (amateur SpEn)
  1696 | D:3      | Killed opjop's ghost
  1697 | D:3      | Reached XP level 5. HP: 23/47 MP: 4/4
  1903 | D:3      | Noticed a necrophage
  1915 | D:3      | Killed a necrophage
  1916 | D:3      | Reached skill level 5 in Fighting
  2309 | D:3      | Found a sparkling altar of Nemelex Xobeh.
  2357 | D:4      | Found a stormy altar of Qazlal.
  2405 | D:4      | Noticed an ogre
  2411 | D:4      | Killed an ogre
  2412 | D:4      | Reached XP level 6. HP: 56/56 MP: 5/5
  2451 | D:4      | Found a transporter.
  2453 | D:4      | Noticed anet's ghost (amateur HOCj)
  2476 | D:4      | Reached skill level 5 in Axes
  2655 | D:4      | Found a transporter.
  2770 | D:4      | Reached XP level 7. HP: 59/62 MP: 6/6
  2816 | D:4      | Found a hazy altar of Hepliaklqana.
  2829 | D:4      | Noticed Pikel
  2846 | D:4      | Killed Pikel
  2847 | D:4      | Reached skill level 5 in Armour
  2847 | D:4      | Reached skill level 5 in Shields
  2847 | D:4      | Reached XP level 8. HP: 16/71 MP: 7/7
  3206 | D:4      | Noticed Eustachio
  3223 | D:4      | Killed Eustachio
  3373 | D:5      | Entered Level 5 of the Dungeon
  3626 | D:5      | Identified the +2 helmet of the Fifty Blessings {Will-
                  | Regen+ Str+7 Int+2}
  3640 | D:5      | Found a staircase to the Ecumenical Temple.
  3663 | Temple   | Entered the Ecumenical Temple
  3721 | Temple   | Became a worshipper of Gozag Ym Sagoz the Greedy
  4258 | D:5      | Reached XP level 9. HP: 82/82 MP: 8/8
  4417 | D:5      | Noticed a troll
  4435 | D:5      | HP: 1/82 [troll (5)]
  4436 | D:5      | Mangled by a troll

Illustrated notes

Levels and vault maps discovered:
D:1:      wander_arrival_abandoned_jail, layout_loops_ring, serial_shops,
          nicolae_shop_advertising_works [nicolae_subvault_shop_adworks],
          shapermc_ecumenical_altar_venn, serial_park_tiny_1,
          wad_floor_pattern_untrapped, minmay_close_crescents
D:2:      layout_basic, serial_shops, shop_statue
D:3:      layout_basic, lemuel_round_altar, ebering_ghost_sewer_d,
          corner_web_ring
D:4:      layout_loops_ring, mainiacjoe_overflow_24_doors,
          grunt_qazlal_sundering, gammafunk_ghost_arena, uniq_pikel,
          uniq_eustachio
D:5:      cheibrodos_fertilizer, layout_loops_corners, kennysheep_little_box,
          minmay_temple_entry_crystal_x, st_stairs_4
Temple:   cyrus_circular_temple

Skill      XL: |  1  2  3  4  5  6  7  8 |
---------------+-------------------------+-----
Fighting       | 4 5 6 8 |  8.4
Axes           | 3 4 5 6 8 |  8.1
Shields        | 4 5 6 |  6.5
Dodging        | 1 2 3 4 |  4.6
Armour         | 4 5 6 |  6.5

Action                   |  1- 3 |  4- 6 |  7- 9 || total
-------------------------+-------+-------+-------++-------
Melee: War axe           |    86 |    71 |    18 ||   175
       Headbutt          |    15 |     8 |    42 ||    65
       Whip              |       |       |   168 ||   168
 Stab: Distracted        |       |       |     1 ||     1
Armor: Plate armour      |    55 |    42 |    94 ||   191
       Scale mail        |     1 |       |       ||     1
Dodge: Dodged            |    25 |    26 |   112 ||   163
Block: Buckler           |    18 |    12 |    33 ||    63

Table legend: (Time is in decaauts)
 A = Elapsed time spent in this place.
 B = Non-inter-level travel time spent in this place.
 C = Inter-level travel time spent in this place.
 D = Time resting spent in this place.
 E = Time spent auto-exploring this place.
 F = Levels seen in this place.
 G = Mean time per level.
                   A        B        C        D        E       F      G
               +--------+--------+--------+--------+--------+-----+--------+
         Total |   4473 |   4358 |    115 |    527 |   2996 |   6 |  745.5 |
       Dungeon |   4401 |   4299 |    102 |    527 |   2961 |   5 |  880.2 |
        Temple |     71 |     58 |     13 |      0 |     35 |   1 |   71.0 |
               +--------+--------+--------+--------+--------+-----+--------+

Top non-repeatable levels by time:
     D:3: 1046 daAuts
     D:4: 1023 daAuts
     D:5: 973 daAuts
     D:1: 871 daAuts
     D:2: 486 daAuts
  Temple: 71 daAuts
